 Dungeon Crawl Stone Soup version 0.27.1-33-g824d729ab1 (webtiles) character file.

Game seed: 291796269726118643

36 pkoi the Ruffian (level 3, -3/29 HPs)
             Began as a Draconian Warper on Dec 13, 2021.
             Slain by Sigmund (10 damage)
             ... on level 2 of the Dungeon.
             The game lasted 00:01:17 (1015 turns).

pkoi the Ruffian (Draconian Warper)                 Turns: 1015, Time: 00:01:18

Health: -3/29      AC:  5    Str: 13    XL:     3   Next: 19%
Magic:  6/6        EV: 12    Int: 14    God:
Gold:   50         SH:  0    Dex: 10    Spells: 1/6 levels left

rFire    . . .     SeeInvis .   c - +2 dagger (venom)
rCold    . . .     Faith    .   (no shield)
rNeg     . . .     Spirit   .   (armour unavailable)
rPois    .         Reflect  .   (helmet restricted)
rElec    .         Harm     .   (no cloak)
rCorr    .         Rampage  .   (no gloves)
Will     .....                  (no boots)
Stlth    +.........             (no amulet)
HPRegen  0.09/turn              (no ring)
MPRegen  0.10/turn              (no ring)

@: no status effects
A: AC +5, unfitting armour, cold-blooded
a: no special abilities


You were on level 2 of the Dungeon.
You visited 1 branch of the dungeon, and saw 2 of its levels.

You collected 50 gold pieces.

Inventory:

Hand Weapons
 c - a +2 dagger of venom (weapon)
 h - a +4 dagger
Missiles
 b - 5 boomerangs of dispersal (quivered)
 d - 14 stones
Scrolls
 a - a scroll of blinking
 f - a scroll of fear {unknown}
 g - a scroll of teleportation
Potions
 e - a potion of mutation
 i - 2 potions of degeneration {unknown}


   Skills:
 - Level 2.1 Fighting
 - Level 0.8 Throwing
 - Level 2.1 Dodging
 * Level 3.7 Unarmed Combat
 + Level 2.0 Spellcasting
 + Level 3.0 Translocations


You had one spell level left.
You knew the following spells:

 Your Spells              Type           Power      Damage    Failure   Level
a - Blink                 Tloc           N/A        N/A       11%         2
b - Gell's Gravitas       Tloc           4%         N/A       21%         3

Your spell library contained the following spells:

 Spells                   Type           Power      Damage    Failure   Level
 Lesser Beckoning         Tloc           4%         N/A       21%         3
 Teleport Other           Tloc           9%         N/A       21%         3
 Static Discharge         Conj/Air       1%         N/A       34%         2
 Manifold Assault         Tloc           9%         N/A       88%         5
 Dispel Undead            Necr           1%         3d6       93%         4
 Sticky Flame             Conj/Fire      1%         2d3       93%         4


Dungeon Overview and Level Annotations

Branches:
Dungeon (2/15)

Altars:

Annotations:
D:2 Sigmund


Innate Abilities, Weirdness & Mutations

Your plain brown scales are hard. (AC +5)
You cannot fit into any form of body armour.
You are cold-blooded and may be slowed by cold attacks.


Message History

A worm comes into view.
Sigmund hits you with a +0 scythe.
You closely miss Sigmund.
Sigmund is lightly wounded.
You barely miss Sigmund.
Sigmund is lightly wounded.
Sigmund hits you with a +0 scythe.
You hit Sigmund.
Sigmund looks as sick as possible!
Your tail-slap misses Sigmund.
Sigmund is moderately wounded.
Sigmund gestures at you while chanting. The puff of flame misses you.
You closely miss Sigmund.
Sigmund is moderately wounded.
Sigmund barely misses you.
Unknown command.
Sigmund points at you and mumbles some strange words.
The puff of flame hits you!
* * * LOW HITPOINT WARNING * * *
Sigmund points at you and mumbles some strange words.
The puff of flame hits you.
* * * LOW HITPOINT WARNING * * *
You aren't carrying any items that you can evoke.
Sigmund gestures at you while chanting.
You are confused.
You're too confused to move!
Sigmund screams, "Die, monster!"
Sigmund gestures at you while chanting.
You are more confused.
Sigmund casts a spell.
Sigmund flickers and vanishes!
Deactivating autopickup; reactivate with Ctrl-A.
The adder bites you.
* * * LOW HITPOINT WARNING * * *
The adder closely misses you.
You miss the adder.
You feel less confused. The adder barely misses you.
The adder bites you but does no damage.
You miss the adder. Something hits you!
You die...

#. #.##.......##.....###.# #.
#.##...............##.#### #.
#..................##.....
.##.####..........##.##...##.#
#.
.S.#..............##>##......#
#.
#w####..w..........###..##.###.
#.# #.........##.## #..##.....
#.# #####.#.#S##.# #..####.##
#.# #.#.#@##.# #..# #.## #.#
#.#.#..........# #.## #.#
#.#.####.####.## #.## #.# ....#
#.# #.#####.## #.# ..### #.#
#......... ......... #.##.##.#
#.##.# #.....


You could see an adder.

Vanquished Creatures
  An adder (D:2)
  2 dart slugs (D:1)
  A bat (D:2)
  2 endoplasms (D:1)
  A giant cockroach (D:1)
  4 goblins (D:1)
  A hobgoblin (D:1)
  A kobold (D:1)
  2 quokkas (D:1)
  2 ball pythons (D:1)
  2 frilled lizards (D:1)
  2 rats
21 creatures vanquished.

Notes
Turn   | Place    | Note
-------+----------+-------------------------------------------
     0 | D:1      | pkoi the Draconian Warper began the quest for the Orb.
     0 | D:1      | Reached XP level 1. HP: 17/17 MP: 3/3
   201 | D:1      | Reached XP level 2. HP: 24/24 MP: 5/5
   634 | D:1      | Found a faded altar of an unknown god.
   832 | D:2      | Reached XP level 3. HP: 20/29 MP: 6/6
   955 | D:2      | Learned a level 2 spell: Blink
   959 | D:2      | Learned a level 3 spell: Gell's Gravitas
   989 | D:2      | Noticed Sigmund
  1015 | D:2      | Slain by Sigmund

Illustrated notes

Levels and vault maps discovered:
D:1:      nicolae_arrival_somewhat_less_tricky_arrival, layout_rooms,
          hellmonk_ecumenical_altar_pennies_from_heaven,
          amcnicky_mini_pool_small, minmay_misc_feat_five
D:2:      layout_loops_ring, uniq_sigmund

Skill      XL: |  1  2 |
---------------+-------+-----
Unarmed Combat | 3 |  3.7
Fighting       | |  2.1
Throwing       | |  0.8
Dodging        | |  2.1
Spellcasting   | |  2.0
Translocations | |  3.0

Action                   || total
-------------------------++-------
Melee: Unarmed           ||     9
       Dagger            ||    46
       Tailslap          ||     5
  Use: Scroll            ||     3
 Stab: Distracted        ||     1
       Sleeping          ||     1
Armor: Skin              ||    17
Dodge: Dodged            ||    30
